Kings vs Sabres
(R1)
Created - 11 décembre 2014 at 20:25
Goals
|
| Kings |
1 |
2 |
0 |
3 |
| Sabres |
2 |
1 |
3 |
6 |
|
Shots
|
| Kings |
5 |
16 |
14 |
35 |
| Sabres |
8 |
10 |
14 |
32 |
|
1st period
1. Sabres , James Neal 14 (Derick Brassard) at 3:04 (PP)
2. Sabres , Mike Fisher 10 (Antoine Roussel) at 11:49
3. Kings , Viktor Kozlov 5 (Brent Burns) at 18:36 (SH)
Penalties :
Randy Robitaille (LAK) for Tripping (Minor) at 2:52, Tyler Myers (LAK) for Hooking (Minor) at 6:10, Niclas Bergfors (Buf) for Hooking (Minor) at 12:00, Pernell Karl Subban (LAK) for Holding Stick (Minor) at 17:40
2nd period
4. Kings , Rene Bourque 9 (Matt Duchene) at 6:30 (PP)
5. Sabres , Justin Williams 1 (Todd White, Kyle Calder) at 12:00
6. Kings , Brent Burns 2 (Joe Pavelski, Ondrej Pavelec) at 12:38 (PP)
Penalties :
Antoine Roussel (Buf) for Interference (Minor) at 0:51, Michal Neuvirth (Buf) for Delaying the game (Minor) at 5:51 - Ole-Kristian Tollefsen served the penalty, Pernell Karl Subban (LAK) for Tripping (Minor) at 9:46, Nathan Dempsey (Buf) for Hooking (Minor) at 12:28, Joe Pavelski (LAK) for Boarding (Minor) at 14:13, Sergei Gonchar (LAK) for Goalie Interference (Minor) at 18:11
3rd period
7. Sabres , Nathan Dempsey 2 (Niclas Bergfors, Ryan Hollweg) at 2:01
8. Sabres , Joni Pitkanen 7 (Antoine Roussel, Richard Lintner) at 6:56
9. Sabres , Niclas Bergfors 19 (Derick Brassard) at 14:03 (PP)
Penalties :
Richard Lintner (Buf) for Hooking (Minor) at 2:58, Tyler Myers (LAK) for Hooking (Minor) at 7:46, Ray Emery (LAK) for Slashing (Minor) at 14:01 - Pernell Karl Subban served the penalty, Brian Pothier (LAK) for Hooking (Minor) at 15:26, Nathan Dempsey (Buf) for Tripping (Minor) at 19:54
Goalie Stats
Ondrej Pavelec (LAK), 18 saves from 23 shots - (0,783), L, 9-12-4, 46:56 minutes
Ray Emery (LAK), 8 saves from 9 shots - (0,889), 13:04 minutes
Michal Neuvirth (Buf), 32 saves from 35 shots - (0,914), W, 15-9-5, 60:00 minutes
Players Stats for Kings
Player Name G A P +/- PIM S H SB GA TA FO MP PP MP PK MP
------------------------------------------------------------------------------------
Anze Kopitar 0 0 0 -3 0 3 1 1 1 1 15/32 19:48 4:02 2:11
Brenden Morrow 0 0 0 -1 0 5 3 0 0 0 0/0 18:55 0:07 5:19
Brent Burns 1 1 2 -1 0 2 2 1 1 0 0/0 25:32 4:32 5:14
Brent Seabrook 0 0 0 -2 0 3 1 1 1 0 0/0 21:12 2:19 5:14
Brian Pothier 0 0 0 0 2 1 0 5 0 1 0/0 15:30 0:00 7:35
Cory Sarich 0 0 0 0 0 0 0 0 0 0 0/0 11:51 0:00 8:53
Hnat Domenichelli 0 0 0 -2 0 0 0 0 0 0 0/0 5:48 0:07 0:20
Joe Pavelski 0 1 1 -2 2 2 1 0 0 0 0/1 17:37 3:55 0:00
Jonas Hoglund 0 0 0 0 0 1 2 0 0 0 1/2 20:18 0:00 8:19
Matt Duchene 0 1 1 0 0 1 0 0 0 0 4/5 13:05 2:49 0:00
Mikkel Boedker 0 0 0 0 0 5 1 0 1 0 0/0 13:29 3:55 0:00
Patrick Sharp 0 0 0 0 0 1 1 0 0 0 0/0 12:45 2:49 0:00
Pernell Karl Subban 0 0 0 -2 4 2 0 0 0 2 0/0 20:05 4:32 0:24
Randy Robitaille 0 0 0 -1 2 1 0 1 0 1 6/13 13:27 0:00 8:00
Rene Bourque 1 0 1 -1 0 3 1 1 0 0 0/1 15:39 2:49 0:00
Sergei Gonchar 0 0 0 0 2 0 1 0 0 1 0/0 10:41 0:00 0:00
Tyler Myers 0 0 0 -2 4 1 1 0 0 1 0/0 16:04 2:19 0:54
Viktor Kozlov 1 0 1 1 0 4 3 0 0 0 5/8 13:59 0:00 4:05
Players Stats for Sabres
Player Name G A P +/- PIM S H SB GA TA FO MP PP MP PK MP
------------------------------------------------------------------------------------
Antoine Roussel 0 2 2 2 2 2 0 0 1 0 0/0 14:50 6:22 0:00
Derick Brassard 0 2 2 0 0 1 2 2 0 0 15/30 20:07 7:45 0:00
James Neal 1 0 1 -1 0 3 3 0 0 0 1/2 19:40 7:45 1:03
Jiri Hudler 0 0 0 0 0 2 3 0 1 0 3/9 16:40 6:22 0:00
Joni Pitkanen 1 0 1 1 0 5 0 1 0 0 0/0 25:54 8:17 4:35
Justin Williams 1 0 1 1 0 4 0 0 1 0 0/0 7:29 0:00 0:00
Kyle Calder 0 1 1 1 0 3 3 0 0 0 0/0 9:16 0:00 1:16
Mats Sundin 0 0 0 2 0 0 1 0 1 0 0/1 16:41 6:22 1:50
Mike Fisher 1 0 1 2 0 3 1 0 0 0 7/12 12:11 0:00 3:51
Nathan Dempsey 1 0 1 2 4 2 1 1 0 1 0/0 17:16 0:00 0:35
Nathan Paetsch 0 0 0 0 0 1 0 1 1 0 0/0 18:27 5:50 2:16
Niclas Bergfors 1 1 2 0 2 2 5 1 0 0 1/2 20:37 7:45 0:00
Ole-Kristian Tollefsen 0 0 0 2 0 1 2 2 0 0 0/0 29:18 8:17 4:00
Richard Lintner 0 1 1 1 2 0 0 1 0 0 0/0 11:39 0:00 0:00
Ryan Hollweg 0 1 1 1 0 1 3 0 1 0 0/0 12:12 0:00 0:00
Todd White 0 1 1 1 0 1 3 0 0 0 4/5 11:21 0:00 3:52
Tomas Kopecky 0 0 0 0 0 1 0 1 1 1 0/1 12:03 0:00 1:50
Tyler Sloan 0 0 0 0 0 0 0 0 0 2 0/0 17:23 5:50 2:16
3 Stars
1 - Niclas Bergfors (Buf)
2 - Mike Fisher (Buf)
3 - Viktor Kozlov (LAK)
Power Play
Kings - 2 on 6 Attempt(s) - 33,33%
Sabres - 2 on 9 Attempt(s) - 22,22%
Penalty Kill
Kings - 7 on 9 Attempt(s) - 77,78%
- Score 1 goal in Penalty Kill
Sabres - 4 on 6 Attempt(s) - 66,67%
- Score 0 goal in Penalty Kill
Official
Referees : Walkom Stephen and VanMassenhoven Don
Linesman : Steve Barton and Brad Lazarowich
Game Notes
Ray Emery enters game at 6:56 of 3rd period
Finance
Level 1 -- Attendance: 6000 (100,00%) -- Ticket Income 516 000 $
Level 2 -- Attendance: 4929 (98,58%) -- Ticket Income 261 237 $
Level 3 -- Attendance: 1472 (73,60%) -- Ticket Income 48 576 $
Level 4 -- Attendance: 2908 (72,70%) -- Ticket Income 66 884 $
Luxury Box -- Attendance: 770 (77,00%) -- Ticket Income 130 900 $
Game was played at the Duff Garden
Total Attendance: 16079 (89,33%)
Total Ticket Income: 1 023 597 $
Other Income: 153 540 $
Total Income: 1 177 137 $
Kings
5 vs 5 Forward
Center Left Wing Right Wing Time % Phy DF OF
1 Anze Kopitar Brenden Morrow Joe Pavelski 40 1 1 3
2 Matt Duchene Patrick Sharp Jonas Hoglund 30 1 1 3
3 Viktor Kozlov Mikkel Boedker Rene Bourque 25 1 2 2
4 Randy Robitaille Hnat Domenichelli Rene Bourque 5 1 4 0
5 vs 5 Defense
Defense Defense Time % Phy DF OF
1 Pernell Karl Subban Brent Burns 40 1 2 2
2 Tyler Myers Brent Seabrook 35 1 2 2
3 Brian Pothier Sergei Gonchar 20 2 2 1
4 Cory Sarich Sergei Gonchar 5 2 2 1
PowerPlay Forward
Center Left Wing Right Wing Time % Phy DF OF
1 Anze Kopitar Mikkel Boedker Joe Pavelski 60 0 1 4
2 Matt Duchene Patrick Sharp Rene Bourque 40 0 1 4
PowerPlay Defense
Defense Defense Time % Phy DF OF
1 Pernell Karl Subban Brent Burns 60 0 2 3
2 Tyler Myers Brent Seabrook 40 0 2 3
Penalty Kill 4 Players Forward
Center Wing Time % Phy DF OF
1 Randy Robitaille Jonas Hoglund 60 0 4 1
2 Viktor Kozlov Brenden Morrow 40 0 4 1
Penalty Kill 4 Players Defense
Defense Defense Time % Phy DF OF
1 Brian Pothier Cory Sarich 60 1 4 0
2 Brent Burns Brent Seabrook 40 1 4 0
Penalty Kill - 3 Players Forward
Forward Time % Phy DF OF
1 Randy Robitaille 60 0 4 1
2 Anze Kopitar 40 0 4 1
Penalty Kill - 3 Players Defense
Defense Defense Time % Phy DF OF
1 Brian Pothier Cory Sarich 60 1 4 0
2 Brent Burns Brent Seabrook 40 1 4 0
4 vs 4 Forward
Center Wing Time % Phy DF OF
1 Anze Kopitar Joe Pavelski 60 1 2 2
2 Matt Duchene Patrick Sharp 40 1 2 2
4 vs 4 Defense
Defense Defense Time % Phy DF OF
1 Sergei Gonchar Brent Seabrook 60 1 2 2
2 Pernell Karl Subban Brent Burns 40 1 2 2
Last Minutes Offensive
Center Left Wing Right Wing Defense Defense
Anze Kopitar Patrick Sharp Joe Pavelski Brent Seabrook Brent Burns
Last Minutes Defensive
Center Left Wing Right Wing Defense Defense
Anze Kopitar Patrick Sharp Jonas Hoglund Brent Seabrook Brent Burns
Goaltenders
Starting : Ondrej Pavelec
Backup : Ray Emery
Extra Forwards
Normal : Anze Kopitar, Patrick Sharp, Joe Pavelski - PP : Brenden Morrow, Hnat Domenichelli - PK : Anze Kopitar
Extra Defensemen
Normal : Pernell Karl Subban, Brent Burns, Brent Seabrook - PP : Sergei Gonchar - PK : Tyler Myers, Cory Sarich
Penalty Shots
Anze Kopitar, Joe Pavelski, Mikkel Boedker, Patrick Sharp, Rene Bourque
Sabres
5 vs 5 Forward
Center Left Wing Right Wing Time % Phy DF OF
1 Derick Brassard Ryan Hollweg Niclas Bergfors 35 1 2 2
2 Jiri Hudler James Neal Tomas Kopecky 30 1 3 1
3 Mike Fisher Antoine Roussel Mats Sundin 25 1 3 1
4 Todd White Kyle Calder Justin Williams 10 1 3 1
5 vs 5 Defense
Defense Defense Time % Phy DF OF
1 Ole-Kristian Tollefsen Nathan Dempsey 40 1 3 1
2 Richard Lintner Joni Pitkanen 30 1 3 1
3 Tyler Sloan Nathan Paetsch 20 1 3 1
4 Ole-Kristian Tollefsen Joni Pitkanen 10 1 1 3
PowerPlay Forward
Center Left Wing Right Wing Time % Phy DF OF
1 Derick Brassard James Neal Niclas Bergfors 60 1 0 4
2 Jiri Hudler Antoine Roussel Mats Sundin 40 2 1 2
PowerPlay Defense
Defense Defense Time % Phy DF OF
1 Ole-Kristian Tollefsen Joni Pitkanen 60 1 1 3
2 Tyler Sloan Nathan Paetsch 40 1 3 1
Penalty Kill 4 Players Forward
Center Wing Time % Phy DF OF
1 Mike Fisher Todd White 60 1 4 0
2 Mats Sundin Tomas Kopecky 40 1 4 0
Penalty Kill 4 Players Defense
Defense Defense Time % Phy DF OF
1 Ole-Kristian Tollefsen Joni Pitkanen 60 1 3 1
2 Tyler Sloan Nathan Paetsch 40 1 4 0
Penalty Kill - 3 Players Forward
Forward Time % Phy DF OF
1 Mike Fisher 60 0 5 0
2 Todd White 40 0 5 0
Penalty Kill - 3 Players Defense
Defense Defense Time % Phy DF OF
1 Ole-Kristian Tollefsen Joni Pitkanen 60 1 4 0
2 Tyler Sloan Nathan Paetsch 40 1 4 0
4 vs 4 Forward
Center Wing Time % Phy DF OF
1 Derick Brassard Niclas Bergfors 60 1 2 2
2 Mike Fisher Mats Sundin 40 1 3 1
4 vs 4 Defense
Defense Defense Time % Phy DF OF
1 Ole-Kristian Tollefsen Joni Pitkanen 60 1 3 1
2 Tyler Sloan Nathan Paetsch 40 1 3 1
Last Minutes Offensive
Center Left Wing Right Wing Defense Defense
Derick Brassard James Neal Niclas Bergfors Ole-Kristian Tollefsen Joni Pitkanen
Last Minutes Defensive
Center Left Wing Right Wing Defense Defense
Mike Fisher Todd White Mats Sundin Ole-Kristian Tollefsen Joni Pitkanen
Goaltenders
Starting : Michal Neuvirth
Backup : Ty Conklin
Extra Forwards
Normal : Ryan Hollweg, James Neal, Jiri Hudler - PP : Ryan Hollweg, Tomas Kopecky - PK : Kyle Calder
Extra Defensemen
Normal : Nathan Dempsey, Nathan Paetsch, Tyler Sloan - PP : Nathan Dempsey - PK : Nathan Dempsey, Richard Lintner
Penalty Shots
James Neal, Niclas Bergfors, Jiri Hudler, Mats Sundin, Ryan Hollweg
% Time on Ice - Kings
Lines # - Real PCT - Wanted PCT - Time Play
Normal Forward
1 - 36% - 40% - 14:07
2 - 26% - 30% - 10:16
3 - 25% - 25% - 9:34
4 - 13% - 5% - 5:05
Normal Defense
1 - 39% - 40% - 15:04
2 - 35% - 35% - 13:39
3 - 20% - 20% - 7:37
4 - 7% - 5% - 2:42
PP Forward
1 - 59% - 60% - 4:02
2 - 41% - 40% - 2:49
PP Defense
1 - 66% - 60% - 4:32
2 - 34% - 40% - 2:19
PK Forward
1 - 71% - 60% - 10:02
2 - 29% - 40% - 4:05
PK Defense
1 - 63% - 60% - 8:53
2 - 37% - 40% - 5:14
PK3 Forward
1 - 0% - 60%
2 - 0% - 40%
PK3 Defense
1 - 0% - 60%
2 - 0% - 40%
44 Forward
1 - 0% - 60%
2 - 0% - 40%
44 Defense
1 - 0% - 60%
2 - 0% - 40%
Last Minute Offensive - 0:00
Last Minute Defensive - 0:00
Total
Forward - 60:00
Defense - 60:00
|
% Time on Ice - Sabres
Lines # - Real PCT - Wanted PCT - Time Play
Normal Forward
1 - 33% - 35% - 12:53
2 - 26% - 30% - 10:20
3 - 21% - 25% - 8:20
4 - 19% - 10% - 7:29
Normal Defense
1 - 44% - 40% - 17:03
2 - 31% - 30% - 12:00
3 - 23% - 20% - 8:57
4 - 3% - 10% - 1:02
PP Forward
1 - 55% - 60% - 7:45
2 - 45% - 40% - 6:22
PP Defense
1 - 59% - 60% - 8:17
2 - 41% - 40% - 5:50
PK Forward
1 - 73% - 60% - 5:01
2 - 27% - 40% - 1:50
PK Defense
1 - 67% - 60% - 4:35
2 - 33% - 40% - 2:16
PK3 Forward
1 - 0% - 60%
2 - 0% - 40%
PK3 Defense
1 - 0% - 60%
2 - 0% - 40%
44 Forward
1 - 0% - 60%
2 - 0% - 40%
44 Defense
1 - 0% - 60%
2 - 0% - 40%
Last Minute Offensive - 0:00
Last Minute Defensive - 0:00
Total
Forward - 60:00
Defense - 60:00
|
Play by Play
1st period
0:01 of 1st period - Derick Brassard wins face-off versus Anze Kopitar in neutral zone.
1:26 of 1st period - Off-side.
1:27 of 1st period - Matt Duchene wins face-off versus Derick Brassard in neutral zone.
1:30 of 1st period - Ryan Hollweg is hit by Jonas Hoglund and loses puck.
2:44 of 1st period - Wrist shot by Justin Williams.
2:44 of 1st period - Stopped by Ondrej Pavelec with a rebound.
2:46 of 1st period - Slapshot by Kyle Calder.
2:46 of 1st period - Shot Misses the Net.
2:52 of 1st period - Minor Penalty to Randy Robitaille for Tripping.
2:53 of 1st period - Derick Brassard wins face-off versus Anze Kopitar in Kings zone.
3:04 of 1st period - Wrist shot by James Neal.
3:04 of 1st period - Goal by James Neal - Kings : 0 - Sabres : 1.
3:05 of 1st period - Anze Kopitar wins face-off versus Jiri Hudler in neutral zone.
3:51 of 1st period - Snap shot by Mike Fisher.
3:51 of 1st period - Stopped by Ondrej Pavelec with a rebound.
3:57 of 1st period - Snap shot by Mike Fisher.
3:57 of 1st period - Shot Misses the Net.
3:59 of 1st period - Snap shot by Antoine Roussel.
3:59 of 1st period - Stopped by Ondrej Pavelec with a rebound.
4:55 of 1st period - Wrist shot by Rene Bourque.
4:55 of 1st period - Shot Misses the Net.
4:57 of 1st period - Wrist shot by Randy Robitaille.
4:57 of 1st period - Stopped by Michal Neuvirth without a rebound.
4:58 of 1st period - Randy Robitaille wins face-off versus Jiri Hudler in Sabres zone.
5:25 of 1st period - Slapshot by Brenden Morrow.
5:25 of 1st period - Stopped by Michal Neuvirth without a rebound.
5:26 of 1st period - Derick Brassard wins face-off versus Anze Kopitar in Sabres zone.
5:26 of 1st period - Derick Brassard is hit by Brenden Morrow.
5:32 of 1st period - Sergei Gonchar is hit by Ryan Hollweg and loses puck.
5:43 of 1st period - Slapshot by Anze Kopitar.
5:43 of 1st period - Stopped by Michal Neuvirth without a rebound.
5:44 of 1st period - Mike Fisher wins face-off versus Viktor Kozlov in Sabres zone.
6:10 of 1st period - Minor Penalty to Tyler Myers for Hooking.
6:11 of 1st period - Randy Robitaille wins face-off versus Niclas Bergfors in Kings zone.
8:10 of 1st period - Penalty to Tyler Myers is over, Tyler Myers is back on ice.
8:27 of 1st period - Brent Burns is hit by Todd White and loses puck.
8:38 of 1st period - Derick Brassard is hit by Jonas Hoglund and loses puck.
9:15 of 1st period - Joni Pitkanen is hit by Tyler Myers and loses puck.
9:24 of 1st period - Jonas Hoglund is hit by Ole-Kristian Tollefsen and loses puck.
9:38 of 1st period - Joe Pavelski is hit by James Neal and loses puck.
10:23 of 1st period - Joni Pitkanen is hit by Brent Burns and loses puck.
10:38 of 1st period - Wrist shot by Jonas Hoglund.
10:38 of 1st period - Shot Misses the Net.
11:06 of 1st period - Jiri Hudler is hit by Joe Pavelski and loses puck.
11:27 of 1st period - Icing by Nathan Paetsch.
11:28 of 1st period - Derick Brassard wins face-off versus Viktor Kozlov in Sabres zone.
11:37 of 1st period - Ryan Hollweg is hit by Viktor Kozlov.
11:49 of 1st period - Slapshot by Mike Fisher.
11:49 of 1st period - Goal by Mike Fisher - Kings : 0 - Sabres : 2.
11:50 of 1st period - Derick Brassard wins face-off versus Anze Kopitar in neutral zone.
12:00 of 1st period - Minor Penalty to Niclas Bergfors for Hooking.
12:01 of 1st period - Mike Fisher wins face-off versus Anze Kopitar in Sabres zone.
12:08 of 1st period - Icing by Anze Kopitar.
12:09 of 1st period - Anze Kopitar wins face-off versus Mike Fisher in Kings zone.
12:23 of 1st period - Wrist shot by Mikkel Boedker.
12:23 of 1st period - Stopped by Michal Neuvirth without a rebound.
12:24 of 1st period - Anze Kopitar wins face-off versus Mike Fisher in Sabres zone.
12:53 of 1st period - Patrick Sharp is hit by Mike Fisher and loses puck.
14:00 of 1st period - Penalty to Niclas Bergfors is over, Niclas Bergfors is back on ice.
14:08 of 1st period - Snap shot by Jonas Hoglund.
14:08 of 1st period - Shot Blocked by Ole-Kristian Tollefsen.
14:48 of 1st period - Tyler Myers is hit by Derick Brassard.
16:07 of 1st period - Icing by Joni Pitkanen.
16:08 of 1st period - Todd White wins face-off versus Rene Bourque in Sabres zone.
16:45 of 1st period - Snap shot by Kyle Calder.
16:45 of 1st period - Stopped by Ondrej Pavelec without a rebound.
16:46 of 1st period - Derick Brassard wins face-off versus Anze Kopitar in Kings zone.
16:47 of 1st period - Snap shot by Niclas Bergfors.
16:47 of 1st period - Shot Misses the Net.
16:56 of 1st period - Wrist shot by Ryan Hollweg.
16:56 of 1st period - Stopped by Ondrej Pavelec without a rebound.
16:57 of 1st period - Jiri Hudler wins face-off versus Anze Kopitar in Kings zone.
17:40 of 1st period - Minor Penalty to Pernell Karl Subban for Holding Stick.
17:41 of 1st period - Randy Robitaille wins face-off versus Derick Brassard in Kings zone.
18:07 of 1st period - Randy Robitaille is hit by Jiri Hudler and loses puck.
18:16 of 1st period - Slapshot by Antoine Roussel.
18:16 of 1st period - Stopped by Ondrej Pavelec with a rebound.
18:36 of 1st period - Wrist shot by Viktor Kozlov.
18:36 of 1st period - Goal by Viktor Kozlov - Kings : 1 - Sabres : 2.
18:37 of 1st period - Derick Brassard wins face-off versus Randy Robitaille in neutral zone.
18:40 of 1st period - Cory Sarich is hit by Niclas Bergfors and loses puck.
19:40 of 1st period - Penalty to Pernell Karl Subban is over, Pernell Karl Subban is back on ice.
19:59 of 1st period - Wrist shot by Justin Williams.
19:59 of 1st period - Shot Blocked by Rene Bourque.
Goals for this period are 1 for Kings vs 2 for Sabres.
Shots for this period are 5 for Kings vs 8 for Sabres.
2nd period
0:01 of 2nd period - Jiri Hudler wins face-off versus Anze Kopitar in neutral zone.
0:08 of 2nd period - Snap shot by Jiri Hudler.
0:08 of 2nd period - Shot Misses the Net.
0:26 of 2nd period - Nathan Dempsey is hit by Patrick Sharp and loses puck.
0:31 of 2nd period - Snap shot by Matt Duchene.
0:31 of 2nd period - Stopped by Michal Neuvirth with a rebound.
0:47 of 2nd period - Snap shot by Viktor Kozlov.
0:47 of 2nd period - Deflect By Rene Bourque.
0:47 of 2nd period - Stopped by Michal Neuvirth without a rebound.
0:48 of 2nd period - Mike Fisher wins face-off versus Viktor Kozlov in Sabres zone.
0:48 of 2nd period - Mike Fisher is hit by Viktor Kozlov.
0:51 of 2nd period - Minor Penalty to Antoine Roussel for Interference.
0:52 of 2nd period - Mike Fisher wins face-off versus Anze Kopitar in Sabres zone.
2:51 of 2nd period - Penalty to Antoine Roussel is over, Antoine Roussel is back on ice.
2:58 of 2nd period - Joe Pavelski is hit by Ryan Hollweg and loses puck.
3:05 of 2nd period - Ryan Hollweg is hit by Sergei Gonchar and loses puck.
3:44 of 2nd period - Anze Kopitar is hit by Kyle Calder and loses puck.
4:34 of 2nd period - Pernell Karl Subban is hit by Niclas Bergfors and loses puck.
5:01 of 2nd period - Slapshot by Randy Robitaille.
5:01 of 2nd period - Deflect By Joe Pavelski.
5:01 of 2nd period - Shot Blocked by Nathan Dempsey.
5:01 of 2nd period - Puck is out of play.
5:02 of 2nd period - Viktor Kozlov wins face-off versus Jiri Hudler in Sabres zone.
5:05 of 2nd period - Wrist shot by Viktor Kozlov.
5:05 of 2nd period - Stopped by Michal Neuvirth without a rebound.
5:06 of 2nd period - Viktor Kozlov wins face-off versus Jiri Hudler in Sabres zone.
5:37 of 2nd period - Wrist shot by Patrick Sharp.
5:37 of 2nd period - Shot Misses the Net.
5:39 of 2nd period - Backhand shot by Brent Seabrook.
5:39 of 2nd period - Shot Blocked by Tomas Kopecky.
5:41 of 2nd period - Snap shot by Matt Duchene.
5:41 of 2nd period - Shot Blocked by Nathan Paetsch.
5:43 of 2nd period - Slapshot by Brent Seabrook.
5:43 of 2nd period - Stopped by Michal Neuvirth without a rebound.
5:44 of 2nd period - Anze Kopitar wins face-off versus Derick Brassard in Sabres zone.
5:45 of 2nd period - Wrist shot by Brenden Morrow.
5:45 of 2nd period - Stopped by Michal Neuvirth with a rebound.
5:47 of 2nd period - Wrist shot by Anze Kopitar.
5:47 of 2nd period - Stopped by Michal Neuvirth with a rebound.
5:49 of 2nd period - Wrist shot by Brenden Morrow.
5:49 of 2nd period - Stopped by Michal Neuvirth with a rebound.
5:51 of 2nd period - Slapshot by Pernell Karl Subban.
5:51 of 2nd period - Stopped by Michal Neuvirth without a rebound.
5:51 of 2nd period - Minor Penalty to Michal Neuvirth for Delaying the game.
5:52 of 2nd period - Mike Fisher wins face-off versus Anze Kopitar in Sabres zone.
6:26 of 2nd period - Off-side.
6:27 of 2nd period - Matt Duchene wins face-off versus Mats Sundin in neutral zone.
6:30 of 2nd period - Wrist shot by Rene Bourque.
6:30 of 2nd period - Goal by Rene Bourque - Kings : 2 - Sabres : 2.
6:31 of 2nd period - Anze Kopitar wins face-off versus Derick Brassard in neutral zone.
6:46 of 2nd period - Wrist shot by Brenden Morrow.
6:46 of 2nd period - Shot Blocked by Derick Brassard.
6:56 of 2nd period - Snap shot by Mikkel Boedker.
6:56 of 2nd period - Shot Misses the Net.
6:58 of 2nd period - Wrist shot by Tyler Myers.
6:58 of 2nd period - Stopped by Michal Neuvirth with a rebound.
7:00 of 2nd period - Backhand shot by Mikkel Boedker.
7:00 of 2nd period - Shot Blocked by Derick Brassard.
7:02 of 2nd period - Slapshot by Rene Bourque.
7:02 of 2nd period - Shot Misses the Net.
7:22 of 2nd period - Snap shot by Mike Fisher.
7:22 of 2nd period - Stopped by Ondrej Pavelec without a rebound.
7:23 of 2nd period - Mike Fisher wins face-off versus Anze Kopitar in Kings zone.
8:02 of 2nd period - Tyler Sloan is hit by Brent Burns.
8:36 of 2nd period - Anze Kopitar is hit by Kyle Calder and loses puck.
8:55 of 2nd period - Joe Pavelski is hit by Todd White and loses puck.
9:14 of 2nd period - Brent Seabrook is hit by Niclas Bergfors and loses puck.
9:35 of 2nd period - Wrist shot by Jiri Hudler.
9:35 of 2nd period - Stopped by Ondrej Pavelec with a rebound.
9:46 of 2nd period - Minor Penalty to Pernell Karl Subban for Tripping.
9:47 of 2nd period - Randy Robitaille wins face-off versus Derick Brassard in Kings zone.
9:51 of 2nd period - Wrist shot by Niclas Bergfors.
9:51 of 2nd period - Deflect By James Neal.
9:51 of 2nd period - Shot Misses the Net.
9:51 of 2nd period - Puck is out of play.
9:52 of 2nd period - Derick Brassard wins face-off versus Randy Robitaille in Kings zone.
9:55 of 2nd period - Wrist shot by Niclas Bergfors.
9:55 of 2nd period - Shot Misses the Net.
9:57 of 2nd period - Slapshot by Ole-Kristian Tollefsen.
9:57 of 2nd period - Deflect By Brian Pothier.
9:57 of 2nd period - Stopped by Ondrej Pavelec with a rebound.
9:59 of 2nd period - Snap shot by Niclas Bergfors.
9:59 of 2nd period - Shot Misses the Net.
10:01 of 2nd period - Wrist shot by Joni Pitkanen.
10:01 of 2nd period - Deflect By Brian Pothier.
10:01 of 2nd period - Stopped by Ondrej Pavelec with a rebound.
10:03 of 2nd period - Wrist shot by Niclas Bergfors.
10:03 of 2nd period - Shot Misses the Net.
10:05 of 2nd period - Snap shot by Ole-Kristian Tollefsen.
10:05 of 2nd period - Shot Blocked by Brian Pothier.
10:07 of 2nd period - Slapshot by Joni Pitkanen.
10:07 of 2nd period - Shot Blocked by Randy Robitaille.
10:50 of 2nd period - Mats Sundin is hit by Brent Seabrook and loses puck.
11:46 of 2nd period - Penalty to Pernell Karl Subban is over, Pernell Karl Subban is back on ice.
12:00 of 2nd period - Wrist shot by Justin Williams.
12:00 of 2nd period - Goal by Justin Williams - Kings : 2 - Sabres : 3.
12:01 of 2nd period - James Neal wins face-off versus Anze Kopitar in neutral zone.
12:08 of 2nd period - Anze Kopitar is hit by Nathan Dempsey and loses puck.
12:15 of 2nd period - Wrist shot by Jiri Hudler.
12:15 of 2nd period - Shot Misses the Net.
12:17 of 2nd period - Slapshot by Nathan Dempsey.
12:17 of 2nd period - Shot Blocked by Brian Pothier.
12:28 of 2nd period - Minor Penalty to Nathan Dempsey for Hooking.
12:29 of 2nd period - Mike Fisher wins face-off versus Joe Pavelski in Sabres zone.
12:38 of 2nd period - Slapshot by Brent Burns.
12:38 of 2nd period - Goal by Brent Burns - Kings : 3 - Sabres : 3.
12:39 of 2nd period - Niclas Bergfors wins face-off versus Anze Kopitar in neutral zone.
13:32 of 2nd period - Slapshot by Tomas Kopecky.
13:32 of 2nd period - Stopped by Ondrej Pavelec without a rebound.
13:33 of 2nd period - Viktor Kozlov wins face-off versus Derick Brassard in Kings zone.
13:42 of 2nd period - Wrist shot by Viktor Kozlov.
13:42 of 2nd period - Stopped by Michal Neuvirth with a rebound.
13:44 of 2nd period - Snap shot by Mikkel Boedker.
13:44 of 2nd period - Deflect By Rene Bourque.
13:44 of 2nd period - Stopped by Michal Neuvirth with a rebound.
13:46 of 2nd period - Wrist shot by Mikkel Boedker.
13:46 of 2nd period - Stopped by Michal Neuvirth without a rebound.
13:47 of 2nd period - Anze Kopitar wins face-off versus James Neal in Sabres zone.
13:52 of 2nd period - Snap shot by Brenden Morrow.
13:52 of 2nd period - Shot Misses the Net.
14:13 of 2nd period - Minor Penalty to Joe Pavelski for Boarding.
14:14 of 2nd period - Jonas Hoglund wins face-off versus Derick Brassard in Kings zone.
14:23 of 2nd period - Randy Robitaille is hit by Derick Brassard and loses puck.
14:46 of 2nd period - Slapshot by Joni Pitkanen.
14:46 of 2nd period - Stopped by Ondrej Pavelec with a rebound.
14:53 of 2nd period - Icing by Mats Sundin.
14:54 of 2nd period - Jiri Hudler wins face-off versus Jonas Hoglund in Sabres zone.
15:03 of 2nd period - Snap shot by Jiri Hudler.
15:03 of 2nd period - Shot Blocked by Brent Seabrook.
15:09 of 2nd period - Slapshot by Joni Pitkanen.
15:09 of 2nd period - Stopped by Ondrej Pavelec without a rebound.
15:10 of 2nd period - Randy Robitaille wins face-off versus Derick Brassard in Kings zone.
16:13 of 2nd period - Penalty to Joe Pavelski is over, Joe Pavelski is back on ice.
16:17 of 2nd period - Slapshot by Brent Burns.
16:17 of 2nd period - Stopped by Michal Neuvirth with a rebound.
16:19 of 2nd period - Snap shot by Joe Pavelski.
16:19 of 2nd period - Shot Misses the Net.
16:21 of 2nd period - Slapshot by Brent Seabrook.
16:21 of 2nd period - Stopped by Michal Neuvirth without a rebound.
16:22 of 2nd period - Todd White wins face-off versus Anze Kopitar in Sabres zone.
16:47 of 2nd period - Sergei Gonchar is hit by Mats Sundin and loses puck.
17:27 of 2nd period - Joe Pavelski is hit by Jiri Hudler and loses puck.
18:11 of 2nd period - Minor Penalty to Sergei Gonchar for Goalie Interference.
18:12 of 2nd period - Derick Brassard wins face-off versus Randy Robitaille in Kings zone.
18:12 of 2nd period - Slapshot by Joni Pitkanen.
18:12 of 2nd period - Stopped by Ondrej Pavelec with a rebound.
18:14 of 2nd period - Slapshot by Joni Pitkanen.
18:14 of 2nd period - Shot Blocked by Brian Pothier.
18:28 of 2nd period - Backhand shot by James Neal.
18:28 of 2nd period - Stopped by Ondrej Pavelec with a rebound.
19:33 of 2nd period - Ole-Kristian Tollefsen is hit by Anze Kopitar and loses puck.
Goals for this period are 2 for Kings vs 1 for Sabres.
Shots for this period are 16 for Kings vs 10 for Sabres.
3rd period
0:01 of 3rd period - Derick Brassard wins face-off versus Randy Robitaille in neutral zone.
0:04 of 3rd period - Brian Pothier is hit by James Neal.
0:11 of 3rd period - Penalty to Sergei Gonchar is over, Sergei Gonchar is back on ice.
0:14 of 3rd period - Slapshot by Joni Pitkanen.
0:14 of 3rd period - Shot Blocked by Brian Pothier.
0:16 of 3rd period - Wrist shot by James Neal.
0:16 of 3rd period - Shot Misses the Net.
0:33 of 3rd period - Snap shot by Jonas Hoglund.
0:33 of 3rd period - Deflect By Joni Pitkanen.
0:33 of 3rd period - Stopped by Michal Neuvirth without a rebound.
0:34 of 3rd period - Anze Kopitar wins face-off versus Derick Brassard in Sabres zone.
1:36 of 3rd period - Wrist shot by Viktor Kozlov.
1:36 of 3rd period - Stopped by Michal Neuvirth with a rebound.
1:57 of 3rd period - Snap shot by Niclas Bergfors.
1:57 of 3rd period - Stopped by Ondrej Pavelec with a rebound.
1:59 of 3rd period - Slapshot by Nathan Dempsey.
1:59 of 3rd period - Stopped by Ondrej Pavelec with a rebound.
2:01 of 3rd period - Slapshot by Nathan Dempsey.
2:01 of 3rd period - Goal by Nathan Dempsey - Kings : 3 - Sabres : 4.
2:02 of 3rd period - Derick Brassard wins face-off versus Anze Kopitar in neutral zone.
2:09 of 3rd period - Anze Kopitar is hit by Ryan Hollweg and loses puck.
2:51 of 3rd period - Snap shot by Mikkel Boedker.
2:51 of 3rd period - Shot Blocked by Ole-Kristian Tollefsen.
2:53 of 3rd period - Wrist shot by Viktor Kozlov.
2:53 of 3rd period - Deflect By Mikkel Boedker.
2:53 of 3rd period - Stopped by Michal Neuvirth without a rebound.
2:54 of 3rd period - Anze Kopitar wins face-off versus Derick Brassard in Sabres zone.
2:58 of 3rd period - Minor Penalty to Richard Lintner for Hooking.
2:59 of 3rd period - Anze Kopitar wins face-off versus Mike Fisher in Sabres zone.
3:15 of 3rd period - Snap shot by Anze Kopitar.
3:15 of 3rd period - Stopped by Michal Neuvirth with a rebound.
3:25 of 3rd period - Wrist shot by Matt Duchene.
3:25 of 3rd period - Shot Blocked by Joni Pitkanen.
4:58 of 3rd period - Penalty to Richard Lintner is over, Richard Lintner is back on ice.
6:05 of 3rd period - Wrist shot by Justin Williams.
6:05 of 3rd period - Stopped by Ondrej Pavelec without a rebound.
6:06 of 3rd period - Todd White wins face-off versus Matt Duchene in Kings zone.
6:39 of 3rd period - Derick Brassard is hit by Rene Bourque and loses puck.
6:56 of 3rd period - Snap shot by Joni Pitkanen.
6:56 of 3rd period - Goal by Joni Pitkanen - Kings : 3 - Sabres : 5.
6:56 of 3rd period - Ray Emery enters game.
6:57 of 3rd period - Anze Kopitar wins face-off versus Derick Brassard in neutral zone.
7:06 of 3rd period - Wrist shot by Brenden Morrow.
7:06 of 3rd period - Shot Misses the Net.
7:08 of 3rd period - Wrist shot by Pernell Karl Subban.
7:08 of 3rd period - Stopped by Michal Neuvirth with a rebound.
7:10 of 3rd period - Slapshot by Joe Pavelski.
7:10 of 3rd period - Shot Misses the Net.
7:12 of 3rd period - Snap shot by Anze Kopitar.
7:12 of 3rd period - Shot Misses the Net.
7:46 of 3rd period - Minor Penalty to Tyler Myers for Hooking.
7:47 of 3rd period - Derick Brassard wins face-off versus Randy Robitaille in Kings zone.
8:20 of 3rd period - Mats Sundin is hit by Brenden Morrow and loses puck.
8:35 of 3rd period - Slapshot by Nathan Paetsch.
8:35 of 3rd period - Shot Hit the Post.
9:46 of 3rd period - Penalty to Tyler Myers is over, Tyler Myers is back on ice.
9:52 of 3rd period - Slapshot by Kyle Calder.
9:52 of 3rd period - Stopped by Ray Emery with a rebound.
9:54 of 3rd period - Wrist shot by Todd White.
9:54 of 3rd period - Stopped by Ray Emery with a rebound.
9:56 of 3rd period - Slapshot by Ole-Kristian Tollefsen.
9:56 of 3rd period - Deflect By Justin Williams.
9:56 of 3rd period - Shot Blocked by Brent Burns.
9:56 of 3rd period - Puck is out of play.
9:57 of 3rd period - Viktor Kozlov wins face-off versus Todd White in Kings zone.
9:57 of 3rd period - Viktor Kozlov is hit by Todd White.
10:09 of 3rd period - Wrist shot by Mikkel Boedker.
10:09 of 3rd period - Stopped by Michal Neuvirth with a rebound.
11:12 of 3rd period - Snap shot by Todd White.
11:12 of 3rd period - Shot Blocked by Anze Kopitar.
11:14 of 3rd period - Snap shot by Kyle Calder.
11:14 of 3rd period - Stopped by Ray Emery without a rebound.
11:15 of 3rd period - Matt Duchene wins face-off versus Jiri Hudler in Kings zone.
11:42 of 3rd period - Antoine Roussel is hit by Viktor Kozlov and loses puck.
12:10 of 3rd period - Antoine Roussel is hit by Brenden Morrow and loses puck.
12:23 of 3rd period - Slapshot by Nathan Paetsch.
12:23 of 3rd period - Stopped by Ray Emery with a rebound.
13:21 of 3rd period - Kyle Calder is hit by Mikkel Boedker.
13:37 of 3rd period - Jonas Hoglund is hit by Niclas Bergfors and loses puck.
13:42 of 3rd period - Slapshot by Derick Brassard.
13:42 of 3rd period - Shot Misses the Net.
13:56 of 3rd period - Patrick Sharp is hit by James Neal and loses puck.
14:01 of 3rd period - Slapshot by Jiri Hudler.
14:01 of 3rd period - Stopped by Ray Emery without a rebound.
14:01 of 3rd period - Minor Penalty to Ray Emery for Slashing.
14:02 of 3rd period - Derick Brassard wins face-off versus Randy Robitaille in Kings zone.
14:03 of 3rd period - Wrist shot by Niclas Bergfors.
14:03 of 3rd period - Goal by Niclas Bergfors - Kings : 3 - Sabres : 6.
14:04 of 3rd period - Anze Kopitar wins face-off versus Derick Brassard in neutral zone.
14:07 of 3rd period - Slapshot by Joe Pavelski.
14:07 of 3rd period - Stopped by Michal Neuvirth with a rebound.
14:09 of 3rd period - Snap shot by Brent Seabrook.
14:09 of 3rd period - Stopped by Michal Neuvirth without a rebound.
14:10 of 3rd period - Anze Kopitar wins face-off versus Derick Brassard in Sabres zone.
14:19 of 3rd period - Slapshot by Anze Kopitar.
14:19 of 3rd period - Shot Blocked by Niclas Bergfors.
14:21 of 3rd period - Wrist shot by Brenden Morrow.
14:21 of 3rd period - Stopped by Michal Neuvirth with a rebound.
14:39 of 3rd period - Slapshot by Mikkel Boedker.
14:39 of 3rd period - Deflect By Rene Bourque.
14:39 of 3rd period - Shot Misses the Net.
14:39 of 3rd period - Puck is out of play.
14:40 of 3rd period - Viktor Kozlov wins face-off versus Jiri Hudler in Sabres zone.
15:02 of 3rd period - Backhand shot by Mikkel Boedker.
15:02 of 3rd period - Shot Blocked by Richard Lintner.
15:04 of 3rd period - Slapshot by Rene Bourque.
15:04 of 3rd period - Deflect By Mikkel Boedker.
15:04 of 3rd period - Stopped by Michal Neuvirth without a rebound.
15:05 of 3rd period - Anze Kopitar wins face-off versus Mike Fisher in Sabres zone.
15:12 of 3rd period - Wrist shot by Joe Pavelski.
15:12 of 3rd period - Shot Hit the Post.
15:26 of 3rd period - Minor Penalty to Brian Pothier for Hooking.
15:27 of 3rd period - Randy Robitaille wins face-off versus Derick Brassard in Kings zone.
15:38 of 3rd period - Snap shot by Derick Brassard.
15:38 of 3rd period - Stopped by Ray Emery with a rebound.
15:40 of 3rd period - Snap shot by James Neal.
15:40 of 3rd period - Stopped by Ray Emery without a rebound.
15:41 of 3rd period - Derick Brassard wins face-off versus Randy Robitaille in Kings zone.
16:19 of 3rd period - Snap shot by Brenden Morrow.
16:19 of 3rd period - Stopped by Michal Neuvirth with a rebound.
16:31 of 3rd period - Brent Seabrook is hit by Niclas Bergfors and loses puck.
17:26 of 3rd period - Penalty to Brian Pothier is over, Brian Pothier is back on ice.
17:34 of 3rd period - Brian Pothier is hit by Ole-Kristian Tollefsen and loses puck.
19:03 of 3rd period - Rene Bourque is hit by Jiri Hudler and loses puck.
19:16 of 3rd period - Rene Bourque is hit by Kyle Calder and loses puck.
19:23 of 3rd period - Snap shot by Justin Williams.
19:23 of 3rd period - Stopped by Ray Emery without a rebound.
19:24 of 3rd period - Derick Brassard wins face-off versus Anze Kopitar in Kings zone.
19:29 of 3rd period - Snap shot by Derick Brassard.
19:29 of 3rd period - Shot Misses the Net.
19:39 of 3rd period - Wrist shot by Derick Brassard.
19:39 of 3rd period - Shot Blocked by Brian Pothier.
19:42 of 3rd period - Icing by Sergei Gonchar.
19:43 of 3rd period - Anze Kopitar wins face-off versus Tomas Kopecky in Kings zone.
19:50 of 3rd period - Slapshot by Brian Pothier.
19:50 of 3rd period - Stopped by Michal Neuvirth without a rebound.
19:51 of 3rd period - Matt Duchene wins face-off versus Derick Brassard in Sabres zone.
19:52 of 3rd period - Wrist shot by Patrick Sharp.
19:52 of 3rd period - Stopped by Michal Neuvirth with a rebound.
19:54 of 3rd period - Minor Penalty to Nathan Dempsey for Tripping.
19:55 of 3rd period - Anze Kopitar wins face-off versus Mike Fisher in Sabres zone.
19:56 of 3rd period - Wrist shot by Joe Pavelski.
19:56 of 3rd period - Stopped by Michal Neuvirth without a rebound.
19:57 of 3rd period - Todd White wins face-off versus Anze Kopitar in Sabres zone.
Goals for this period are 0 for Kings vs 3 for Sabres.
Shots for this period are 14 for Kings vs 14 for Sabres.
Output by the SimonT Hockey Simulator (STHS) for François Prévost -- Original Page W3C XHTML 1.0 Valid